Map: Central Protocol

Players

Novawulfen - Winner!

  • Race: Terran Terran
  • League: Gold

Earthforce

  • Race: Terran Terran

VOD

Have the link to the VOD?

Description

Time

  • Played on: Nov. 15, 2015, 9:06 a.m.
  • Length: 10:20
Show
View Real Time Build Order
Export as new Build Order

Novawulfen Terran - Winner!

Build Orders:  

Get SALT Encoding   

  12  0:01  SCV  
  13  0:13  SCV  
  14  0:20  Supply Depot  
  14  0:25  SCV  
  15  0:42  SCV  
  16  0:44  Refinery  
  16  0:47  Barracks  
  16  0:55  SCV  
  17  1:07  SCV  
  18  1:19  SCV  
  19  1:31  SCV  
  20  1:40  Reaper  
  20  1:43  SCV  
  22  1:52  Command Center  
  22  1:59  Orbital Command  
  22  2:06  Engineering Bay  
  22  2:13  Barracks Reactor  
  22  2:25  SCV  
  23  2:31  Barracks  
  23  2:34  Barracks  
  22  2:41  Supply Depot  
  22  2:45  SCV  
  22  2:53  Marine  
  23  3:02  Terran Infantry Weapons Level 1  
  23  3:03  Marine  
  23  3:04  SCV  
  25  3:06  Supply Depot  
  25  3:13  Orbital Command  
  25  3:18  SCV  
  25  3:19  Marine  
  27  3:26  Barracks Tech Lab  
  27  3:27  Marine  
  27  3:28  Marine  
  27  3:30  SCV  
  30  3:37  Marine  
  31  3:42  SCV  
  31  3:44  SCV  
  31  3:47  Marine x3  
  36  3:55  SCV, Marine  
  37  3:58  Stimpack  
  38  4:03  Factory  
  38  4:06  SCV, Refinery  
  38  4:07  SCV  
  40  4:12  Marine x3  
  43  4:19  SCV  
  44  4:27  SCV, Marine  
  44  4:29  Missile Turret  
  46  4:39  Supply Depot  
  46  4:42  Supply Depot  
  46  4:56  Marauder, Barracks, Marine x2  
  51  5:01  Barracks Reactor  
  51  5:05  Starport, Factory Reactor  
  50  5:13  Supply Depot  
  50  5:15  Supply Depot  
  50  5:17  SCV x2  
  50  5:18  Refinery  
  50  5:19  Refinery  
  52  5:25  Marine  
  52  5:26  Marine x2  
  55  5:35  SCV x2  
  57  5:43  Marine  
  58  5:52  Supply Depot  
  58  5:55  Supply Depot  
  58  5:56  Medivac x2  
  62  5:59  Factory Tech Lab  
  62  6:00  SCV x2, Marine x2  
  62  6:01  Marine x3  
  69  6:18  Marine x2  
  69  6:21  Terran Infantry Armor Level 1  
  69  6:24  Engineering Bay  
  71  6:26  Armory  
  71  6:35  Supply Depot  
  71  6:44  SCV  
  71  6:45  SCV, Marine x3  
  71  6:46  Marauder, Marine  
  79  6:49  Siege Tank  
  82  6:57  Medivac  
  82  6:58  Medivac  
  86  7:01  SCV  
  86  7:02  SCV  
  86  7:03  Marine x2  
  86  7:07  Marauder  
  92  7:08  Marine x2  
  92  7:14  SCV x2  
  96  7:24  Marine x2  
  96  7:26  Siege Tank, Marine x2  
  96  7:28  Marine  
  104  7:50  Marine x4  
  104  7:51  Marine  
  105  8:06  Siege Tank, Medivac  
  110  8:21  Marine x2  
  110  8:24  Marine x2  
  110  8:26  Marine  
  110  8:30  Medivac  
  106  8:38  Marine  
  106  8:39  Marine  
  107  8:42  Marine x2  
  107  8:44  Barracks  
  107  8:45  Barracks x2  
  107  8:46  Barracks  
  107  8:47  Barracks  
  109  8:51  SCV  
  110  8:56  Supply Depot  
  110  8:57  Supply Depot  
  110  9:16  Command Center  
  110  9:17  SCV  
  110  9:23  Marine x2  
  110  9:24  Marauder, Marine x2  
  116  9:25  Siege Tank, Medivac x2  
  124  9:44  SCV x2  
  126  9:50  Supply Depot  
Show
View Real Time Build Order
Export as new Build Order

Earthforce Terran 

Build Orders: MMM Bio 

Get SALT Encoding   

  12  0:01  SCV  
  13  0:14  SCV  
  14  0:29  Supply Depot  
  14  0:32  SCV  
  15  0:51  SCV  
  16  0:58  Barracks  
  16  1:03  SCV  
  17  1:15  SCV, Barracks  
  18  1:27  SCV  
  19  1:41  SCV  
  20  1:50  Marine  
  20  1:53  SCV  
  22  2:02  Marine  
  22  2:04  Command Center  
  22  2:08  Supply Depot  
  23  2:29  Marine x2  
  26  2:30  Supply Depot  
  26  2:33  Orbital Command  
  25  2:38  Refinery  
  25  2:42  Refinery  
  25  2:47  Marine x2  
  27  3:05  Marine x2  
  29  3:18  Orbital Command  
  29  3:21  Bunker  
  29  3:22  Marine x2  
  29  3:25  SCV  
  31  3:37  SCV  
  31  3:40  Factory, Marine x2  
  34  3:49  SCV  
  34  3:53  SCV  
  35  4:00  Barracks Tech Lab x2  
  35  4:01  SCV  
  36  4:06  SCV  
  37  4:13  SCV  
  37  4:15  Bunker  
  38  4:18  SCV  
  38  4:22  Combat Shields, Stimpack  
  39  4:25  SCV  
  39  4:27  Factory Tech Lab  
  39  4:30  SCV  
  41  4:32  Starport  
  41  4:37  SCV  
  42  4:42  SCV  
  43  4:47  Supply Depot  
  43  4:58  Refinery  
  43  5:00  Refinery  
  43  5:01  Engineering Bay  
  43  5:06  Siege Tank  
  46  5:09  Supply Depot  
  46  5:11  Starport Reactor  
  46  5:15  SCV x2  
  48  5:32  SCV x2, Barracks  
  48  5:33  Barracks  
  48  5:34  Barracks  
  50  5:36  Marine x2  
  52  5:44  SCV x2  
  54  5:56  SCV x2  
  56  6:05  Medivac x2  
  56  6:08  SCV  
  56  6:09  SCV, Siege Tank  
  65  6:21  Marine x2  
  67  6:26  Barracks Reactor x3  
  67  6:35  Terran Infantry Weapons Level 1  
  67  6:36  Supply Depot  
  67  6:37  Supply Depot  
  67  6:40  Engineering Bay  
  67  6:41  Siege Tank  
  70  6:57  SCV x2  
  70  6:59  Supply Depot  
  70  7:00  Supply Depot  
  70  7:01  Armory  
  72  7:10  SCV x2  
  74  7:19  Marine x6  
  74  7:20  Marine x2  
  74  7:22  SCV  
  84  7:25  Supply Depot x2  
  79  7:37  Marine  
  77  7:40  Orbital Command  
  77  8:09  Marine x6  
  77  8:10  Marine x2  
  68  8:43  Marine x4  
  68  8:44  Marine x4  
  68  8:46  Refinery  
  76  8:52  Siege Tank  
  79  9:01  Missile Turret, Marine x5  
  84  9:04  Missile Turret x2  
  84  9:06  Medivac x2  
  84  9:07  Missile Turret  
  88  9:15  Marine x3  
  91  9:19  Marine  
  92  9:29  Marine x3  
  95  9:33  Missile Turret  
  95  9:48  Viking x2  
  95  9:49  Marine x4  
  103  9:53  Sensor Tower  
Tags
 
Composition
MMM Bio
League
Gold
Matchup
TvT
Race
Terran
Add a new tag
Caveats
  • Supply blocks, unpowered buildings, or Contaminate may cause inaccurate times.
  • Supply counts are checked every 10 seconds.